 Dungeon Crawl Stone Soup version 0.19.4-9-g45fd643 (webtiles) character file.

15976 nikopol the Cleaver (level 12, -8/114 HPs)
             Began as a Gargoyle Berserker on Feb 18, 2017.
             Was a High Priest of Trog.
             Mangled by a salamander
             ... wielding a +4 halberd of venom
              (10 damage)
             ... in a volcano.
             The game lasted 00:43:52 (12464 turns).

nikopol the Cleaver (Gargoyle Berserker)           Turns: 12464, Time: 00:43:53

Health: -8/114     AC: 23    Str: 26    XL:     12   Next: 32%
Magic:  12/12      EV: 14    Int: 10    God:    Trog [*****.]
Gold:   446        SH:  0    Dex: 12    Spells: 0 memorised, 11 levels left

rFire  . . .     SeeInvis .     a - +2 war axe (chop)
rCold  + . .     Gourm    .     d - +0 scale mail
rNeg   + . .     Faith    .     (no shield)
rPois  ∞         Spirit   .     C - +0 helmet
rElec  +         Reflect  .     K - +0 cloak
rCorr  +         Harm     .     y - +0 pair of gloves
MR     .....                    q - +1 pair of boots
Stlth  ..........               b - amulet of regeneration
                                p - ring of protection from cold
                                J - ring of resist corrosion

@: berserking, very quick
A: negative energy resistance 1, electricity resistance, unbreathing,
petrification resistance, rot immunity, AC +8
a: Berserk, Trog's Hand, Brothers in Arms, Burn Spellbooks, Renounce Religion


You were in a volcano.
You worshipped Trog.
Trog was extremely pleased with you.
You were hungry.

You visited 2 branches of the dungeon, and saw 11 of its levels.
You also visited: Ice Cave and Volcano.

You collected 596 gold pieces.
You spent 150 gold pieces at shops.

Inventory:

Hand Weapons
 a - a +2 war axe of chopping (weapon)
 z - a +0 shortbow of flaming
 T - a +6 battleaxe of flaming
Missiles
 j - 140 arrows
Armour
 d - a +0 scale mail (worn)
 h - the +3 ice dragon scales "Curaidda" {rF- rC++ Regen+ Int+7}
   (You found it in an ice cave)

   It affects your intelligence (+7).
   It makes you vulnerable to fire.
   It greatly protects you from cold.
   It increases your rate of regeneration.
 q - a +1 pair of boots (worn)
 y - a +0 pair of gloves (worn)
 C - a +0 helmet (worn)
 K - a +0 cloak (worn)
Jewellery
 b - an amulet of regeneration (around neck)
 e - an uncursed amulet of rage {unknown}
 n - an uncursed ring of flight
 p - a ring of protection from cold (right hand)
 J - a ring of resist corrosion (left hand)
 M - an uncursed ring of positive energy
Wands
 D - a wand of teleportation (5/9)
Scrolls
 f - 10 scrolls of remove curse
 k - 4 scrolls of magic mapping
 l - 6 scrolls of identify
 o - 2 scrolls of teleportation
 s - a scroll of holy word {unknown}
 u - 3 scrolls of enchant weapon
 w - a scroll of blinking
 A - a scroll of recharging {unknown}
 H - a scroll of vulnerability {unknown}
 I - a scroll of fog
 O - a scroll of enchant armour
Potions
 g - 5 potions of haste
 m - 5 potions of heal wounds
 r - 6 potions of curing
 B - a potion of cancellation
 E - a potion of cure mutation
 F - 2 potions of flight
 P - a potion of ambrosia
 R - 3 potions of agility {unknown}
Comestibles
 c - 8 bread rations
 v - 7 meat rations
 x - 4 fruits
 N - 2 beef jerkies
 S - 7 slices of pizza


   Skills:
 + Level 9.2 Fighting
 * Level 10.6 Axes
 * Level 9.4 Bows
 + Level 8.7 Armour
 + Level 6.8 Dodging


You had 11 spell levels left.
You didn't know any spells.

Dungeon Overview and Level Annotations

Branches:
Dungeon (9/15)             Temple (0/1) D:4            Lair (2/6) D:8
 Spider (0/4) Lair:2          Orc (0/2) D:9
  Swamp: Lair:2-4    Shoals: Lair:2-4

Altars:
Okawaru
Ru
Uskayaw
Xom

Shops:
D:5 }   D:6 ?


Innate Abilities, Weirdness & Mutations

You are resistant to torment.
Your stone body is resilient. (AC +8)
You are immune to poison.
You resist negative energy. (rN+)
You are resistant to electric shocks. (rElec)
You can survive without breathing.
You are immune to petrification.
You are immune to rotting.


Message History

You are too injured to fight recklessly!
You are too injured to fight recklessly!
You are too injured to fight recklessly!
You are too injured to fight recklessly!
You are too injured to fight recklessly!
You are too injured to fight recklessly!
You are too injured to fight recklessly!
You are too injured to fight recklessly!
You are too injured to fight recklessly!
You are too injured to fight recklessly!
You slash the salamander!
The salamander is almost dead.
You closely miss the salamander mystic.
The salamander hits you from afar with a halberd!
* * * LOW HITPOINT WARNING * * *
You are engulfed in flames!
* * * LOW HITPOINT WARNING * * *
The salamander hits you but does no damage.
The salamander hits you from afar with a halberd of venom!
You die... ≈§§§§§§§§§≈≈≈≈≈≈≈≈§≈§≈§≈≈≈≈≈§§≈§≈ ≈§§≈≈≈≈≈≈≈§≈≈≈§§≈≈§§≈§≈≈≈≈≈≈≈≈≈≈§ ≈≈§§§≈§≈§.....§......§....≈≈≈§≈≈≈ ≈≈≈≈≈≈§§#################.≈≈§§§≈≈ §§§§≈≈≈.# +.....+ #.§§§§§≈≈ §≈≈≈≈≈≈.# .8_8. #.≈≈≈≈≈≈≈ §≈≈≈§§≈.# NNN

#.§≈§§≈§§
§§§§≈≈≈.###++###N###++###.§§§§§≈≈
≈≈§§§≈≈.#......#@#......#§≈≈≈≈≈≈≈
≈§§≈≈≈§.######.#.#.######.≈≈§≈≈§≈
§§§≈≈≈§.# #.# #.≈≈≈≈≈≈≈ ≈≈§§≈≈≈.#
#.# #.≈≈≈≈≈§§ ≈§≈§≈§≈.# #.#
#.≈≈§≈§§§ ≈≈§≈≈§§.# #.# #§§§§§§§§
≈≈§≈≈≈≈.########+########.§§§§§§≈
..§≈§..§.....§...........≈≈≈≈≈≈≈≈
§≈§§§≈≈§≈≈≈≈≈§≈≈≈≈≈≈≈≈≈§≈.≈§≈≈≈≈≈


You could see a salamander mystic and 3 salamanders.

Vanquished Creatures
  The ghost of Paps the Grappler, a journeyman TrFi of Okawaru (D:9)
  Erica (Lair:1)
  Pikel (D:4)
  An ugly thing (IceCv)
  A black mamba (D:8)
  A spiny frog (Lair:1)
  2 komodo dragons (Lair:1)
  A queen bee (Lair:2)
  4 blink frogs
  6 hippogriffs
  5 yaks
  A wyvern (D:8)
  4 hogs (D:7)
  2 fire bats (Volcano)
  3 humans
  3 wargs (D:9)
  6 water moccasins (Lair:1)
  2 porcupines (Lair:1)
  8 ice beasts
  3 sky beasts
  2 orc warriors
  Purgy (D:4)
  2 black bears
  A necrophage (D:5)
  2 phantoms
  5 ogres
  6 centaurs
  A crocodile (D:8)
  10 bullfrogs
  4 scorpions
  6 wights
  19 killer bees
  2 howler monkeys
  2 electric eels (D:7)
  A centaur zombie (D:8)
  4 lava snakes (Volcano)
  6 crimson imps
  4 bullfrog zombies
  5 jellies
  A quasit (D:5)
  6 orc wizards
  An orc priest (D:5)
  7 hounds
  3 bullfrog skeletons
  Jessica (D:2)
  3 iguanas
  5 worker ants
  A hound zombie (D:5)
  2 worker ant zombies (D:9)
  14 adders
  15 gnolls
  A river rat (D:8)
  12 white imps (Lair:1)
  4 oozes
  An adder zombie (D:7)
  2 adder skeletons (D:8)
  2 worms
  5 dart slugs
  4 leopard geckos
  20 orcs
  7 bats
  7 giant cockroaches
  6 goblins
  7 hobgoblins
  13 jackals
  2 kobolds
  3 quokkas
  3 ball pythons
  5 frilled lizards
  12 rats
  35 fungi
  51 plants
400 creatures vanquished.

Vanquished Creatures (collateral kills)
  An ugly thing (IceCv)
  3 ice statues (IceCv)
4 creatures vanquished.

Vanquished Creatures (others)
  A leopard gecko (D:6)
  An orc (D:4)
  5 fungi (D:8)
7 creatures vanquished.

Grand Total: 411 creatures vanquished

Notes
Turn   | Place    | Note
-------+----------+-------------------------------------------
     0 | D:1      | nikopol the Gargoyle Berserker began the quest for the Orb.
     0 | D:1      | Reached XP level 1. HP: 14/14 MP: 1/1
   170 | D:1      | Reached XP level 2. HP: 14/19 MP: 2/2
   254 | D:1      | Reached skill level 3 in Axes
   945 | D:2      | Reached XP level 3. HP: 23/23 MP: 3/3
  1058 | D:2      | Found a sacrificial altar of Ru.
  1058 | D:2      | Noticed Jessica
  1064 | D:2      | Killed Jessica
  1064 | D:2      | Reached XP level 4. HP: 28/29 MP: 4/4
  1239 | D:2      | Reached ** piety under Trog
  1360 | D:2      | Paralysed by fainting for 5 turns
  1366 | D:2      | Paralysed by fainting for 7 turns
  1379 | D:2      | Reached XP level 5. HP: 6/33 MP: 5/5
  2082 | D:3      | Found a faded altar of an unknown god.
  2210 | D:3      | Reached *** piety under Trog
  2219 | D:3      | You fall through a shaft!
  2219 | D:4      | Noticed Purgy
  2230 | D:4      | Killed Purgy
  2230 | D:4      | Reached skill level 4 in Axes
  2230 | D:4      | Reached XP level 6. HP: 39/39 MP: 6/6
  2794 | D:4      | Reached XP level 7. HP: 44/44 MP: 7/7
  2948 | D:4      | Found a staircase to the Ecumenical Temple.
  3020 | D:4      | Noticed Pikel
  3034 | D:4      | Killed Pikel
  3034 | D:4      | Reached skill level 5 in Fighting
  3034 | D:4      | Reached skill level 5 in Axes
  3034 | D:4      | Reached skill level 5 in Armour
  3034 | D:4      | Reached XP level 8. HP: 41/50 MP: 8/8
  3415 | D:4      | Reached skill level 6 in Axes
  3440 | D:5      | Entered Level 5 of the Dungeon
  3501 | D:5      | Found Eduusule's Quality Used Wands.
  3602 | D:5      | Reached skill level 1 in Bows
  3876 | D:5      | Reached XP level 9. HP: 36/55 MP: 9/9
  4386 | D:6      | Reached **** piety under Trog
  4777 | D:6      | Reached skill level 7 in Axes
  5184 | D:6      | Found Nuxug's Magic Scroll Shoppe.
  5225 | D:6      | Bought a scroll of identify for 24 gold pieces
  5225 | D:6      | Bought a scroll of enchant weapon for 90 gold pieces
  5225 | D:6      | Bought a scroll of remove curse for 36 gold pieces
  5686 | D:7      | Reached skill level 5 in Bows
  5849 | D:7      | Reached skill level 5 in Dodging
  5945 | D:7      | Reached XP level 10. HP: 59/63 MP: 10/10
  6232 | D:7      | Reached skill level 8 in Axes
  7200 | D:8      | Found a staircase to the Lair.
  7242 | D:8      | Reached ***** piety under Trog
  7538 | D:8      | Received a gift from Trog
  7977 | D:8      | Found an iron altar of Okawaru.
  8665 | D:8      | Reached skill level 9 in Axes
  9190 | D:9      | Found a staircase to the Orcish Mines.
  9196 | D:9      | Reached XP level 11. HP: 68/68 MP: 11/11
  9503 | D:9      | Noticed Paps's ghost (journeyman TrFi)
  9525 | D:9      | Killed Paps's ghost
  9983 | Lair:1   | Entered Level 1 of the Lair of Beasts
 10037 | Lair:1   | Found a hide-covered altar of Uskayaw.
 10048 | Lair:1   | Noticed Erica
 10106 | D:8      | HP: 5/102 [black mamba (8)]
 10108 | D:8      | HP: 1/102 [black mamba (4)]
 10291 | Lair:1   | Killed Erica
 10445 | Lair:1   | Found a frozen archway.
 10462 | IceCv    | Entered an ice cave
 10475 | IceCv    | Reached skill level 10 in Axes
 10554 | IceCv    | Noticed a white ugly thing
 10577 | IceCv    | Killed a white ugly thing
 10702 | IceCv    | Noticed a white ugly thing
 10703 | IceCv    | Killed a white ugly thing
 10757 | IceCv    | Got shimmering ice dragon scales
 11011 | Lair:1   | Reached XP level 12. HP: 68/75 MP: 12/12
 11033 | Lair:1   | Identified the +3 ice dragon scales "Curaidda" {rF- rC++ Regen+ Int+7} (You found it in an ice cave)
 11676 | Lair:1   | Found a shimmering altar of Xom.
 11932 | Lair:1   | Received a gift from Trog
 12080 | Lair:2   | Found a dark tunnel.
 12107 | Volcano  | Entered a volcano
 12456 | Volcano  | Found a radiant altar of Vehumet.
 12464 | Volcano  | HP: 2/114 [salamander/halberd (12)]
 12464 | Volcano  | Mangled by a salamander

Skill      XL: |  1  2  3  4  5  6  7  8  9 10 11 12 |
---------------+-------------------------------------+-----
Axes           | 3 4 5 6 7 9 10 | 10.6
Dodging        | 2 3 4 5 6 |  6.8
Armour         | 3 4 5 6 7 8 |  8.7
Fighting       | 4 5 6 7 8 9 |  9.2
Bows           | 2 5 7 8 9 |  9.4

Action                   |  1- 3 |  4- 6 |  7- 9 | 10-12 || total
-------------------------+-------+-------+-------+-------++-------
Melee: Hand axe          |    78 |    39 |       |       ||   117
       War axe           |       |   160 |   289 |   975 ||  1424
       Battleaxe         |       |       |       |    51 ||    51
 Fire: Shortbow          |       |       |   110 |   349 ||   459
Invok: Berserk           |     1 |     1 |     1 |     5 ||     8
       Burn Spellbooks   |       |       |       |     1 ||     1
       Brothers in Arms  |       |       |       |     1 ||     1
  Use: Scroll            |       |       |       |    22 ||    22
  Eat: Pizza             |       |     1 |       |       ||     1
       Chunk             |       |     6 |    12 |    20 ||    38
       Beef jerky        |       |       |       |     2 ||     2
       Bread ration      |       |       |       |     1 ||     1
Armor: Animal skin       |    22 |       |       |       ||    22
       Scale mail        |    10 |   146 |   200 |   398 ||   754
       Ice dragon scales |       |       |       |   126 ||   126
Dodge: Dodged            |    72 |   126 |   222 |   550 ||   970
